 Dungeon Crawl Stone Soup version 0.24-a0-441-g27f0392e16 (webtiles) character file.

Game seed: 3438285362386321906

469 nikopol the Magician (level 6, -11/32 HPs)
             Began as a Deep Elf Fire Elementalist on June 19, 2019.
             Mangled by an ogre
             ... wielding a +0 giant spiked club
              (17 damage)
             ... while paralysed by Ijyb
             ... on level 4 of the Dungeon.
             The game lasted 00:09:28 (2612 turns).

nikopol the Magician (Deep Elf Fire Elementalist)   Turns: 2612, Time: 00:09:29

Health: -11/32     AC:  6    Str:  5    XL:     6   Next: 82%
Magic:  26/26      EV:  2    Int: 22    God:
Gold:   86         SH:  0    Dex: 15    Spells: 3/18 levels left

rFire    . . .     SeeInvis .   u - +0 dagger (venom)
rCold    . . .     Gourm    .   (no shield)
rNeg     . . .     Faith    .   a - +0 robe
rPois    .         Spirit   .   m - +2 helmet
rElec    .         Reflect  .   (no cloak)
rCorr    .         Harm     .   h - +0 pair of gloves
MR       .....                  (no boots)
Stlth    ++........             q - amulet of magic regeneration
HPRegen  0.10/turn              p - ring of magical power
MPRegen  0.45/turn              (no ring)

@: paralysed
A: no striking features
a: no special abilities


You were on level 4 of the Dungeon.
You were not hungry.

You visited 1 branch of the dungeon, and saw 4 of its levels.

You collected 86 gold pieces.

Inventory:

Hand Weapons
 d - a +0 dagger
 u - a +0 dagger of venom (weapon)
Armour
 a - a +0 robe (worn)
 h - a +0 pair of gloves (worn)
 m - a +2 helmet (worn)
Jewellery
 p - a ring of magical power (left hand)
 q - an amulet of magic regeneration (around neck)
Wands
 k - a wand of paralysis (10)
 s - a wand of flame (13)
Scrolls
 b - a scroll of random uselessness {unknown}
 f - 2 scrolls of identify
 g - 3 scrolls of teleportation {unknown}
 i - 3 scrolls of noise {unknown}
 n - a scroll of immolation {unknown}
 t - a scroll of amnesia {unknown}
Potions
 e - 3 potions of curing
 j - a potion of brilliance
 o - a potion of lignification {unknown}
 r - a potion of magic {unknown}
Comestibles
 c - 5 rations
 l - 5 chunks of flesh


   Skills:
 + Level 0.1 Fighting
 + Level 3.3 Dodging
 + Level 3.2 Stealth
 + Level 6.5 Spellcasting
 + Level 3.5 Conjurations
 + Level 5.3 Fire Magic


You had 3 spell levels left.
You knew the following spells:

 Your Spells              Type           Power        Failure   Level  Hunger
a - Flame Tongue          Conj/Fire      ####.        1%          1    None
b - Throw Flame           Conj/Fire      ####..       2%          2    None
c - Conjure Flame         Conj/Fire      ####....     4%          3    #......
d - Sticky Flame          Conj/Fire      ####....     14%         4    ###....
e - Fireball              Conj/Fire      ####......   36%         5    #####..

Your spell library contained the following spells:

 Spells                   Type           Power        Failure   Level  Hunger
 Inner Flame              Hex/Fire       ###.....     9%          3    #......


Dungeon Overview and Level Annotations

Branches:
Dungeon (4/15)
 Temple: D:4-7

Altars:
Qazlal

Annotations:
D:4 Ijyb


Message History

The flame tongue misses Ijyb.
The flame tongue hits the ogre.
The ogre is lightly wounded.
Ijyb zaps a wand.
You resist with some effort.
Ijyb zaps a wand.
You resist with some effort.
Ijyb zaps a wand.
You resist with some effort.
Ijyb zaps a wand.
You resist with some effort.
Things that are here:
a +1 dire flail of holy wrath; a +0 scale mail; the human skeleton of Edmund Ijyb zaps a wand.
You resist with some effort.
Ijyb zaps a wand.
You suddenly lose the ability to move!
The ogre hits you with a +0 giant spiked club!
Ouch! That really hurt!
The ogre hits you with a +0 giant spiked club.
The ogre hits you with a +0 giant spiked club!
* * * LOW HITPOINT WARNING * * *
You can move again.
Ijyb zaps a wand.
You suddenly lose the ability to move!
The ogre hits you with a +0 giant spiked club!
Ouch! That really hurt!
You die...

#.....##### #....
#.........####.... ##
#..#.............. .##
#............... ..###
##..###.......... ##..##
#.g###....#...... ###.###
#..##.....####... ##..#####
##O.#.......# ##..
###....### #@..#.......#
#.#
##.....###..###......####.#
#......##...# #.......##.##
#.......#...# ##.........#
#.......<...# ##....>....#
#...........##....>....#.#
##.....................#..#
##........#..####.....#..#
#.......###.†####....##.#


You could see an ogre and Ijyb.

Vanquished Creatures
  Edmund (D:4)
  An ice beast (D:2)
  An orc wizard (D:3)
  Natasha (twice) (D:2)
  8 adders
  2 oozes
  3 worms
  5 dart slugs
  A leopard gecko (D:3)
  8 orcs (D:3)
  5 bats
  4 giant cockroaches
  6 goblins
  8 hobgoblins
  7 jackals
  2 quokkas (D:3)
  3 frilled lizards
  9 kobolds
  5 rats
81 creatures vanquished.

Notes
Turn   | Place    | Note
-------+----------+-------------------------------------------
     0 | D:1      | nikopol the Deep Elf Fire Elementalist began the quest for
                  | the Orb.
     0 | D:1      | Reached XP level 1. HP: 10/10 MP: 6/6
   125 | D:1      | Reached XP level 2. HP: 15/15 MP: 5/8
   586 | D:1      | Reached XP level 3. HP: 17/19 MP: 5/10
   591 | D:1      | Learned a level 2 spell: Throw Flame
   595 | D:1      | Learned a level 3 spell: Conjure Flame
   844 | D:2      | Noticed an ice beast
  1075 | D:2      | Noticed Natasha
  1080 | D:2      | Killed Natasha
  1080 | D:2      | Reached skill level 4 in Spellcasting
  1080 | D:2      | Reached XP level 4. HP: 17/24 MP: 6/12
  1298 | D:2      | Killed an ice beast
  1298 | D:2      | Reached XP level 5. HP: 28/28 MP: 4/14
  1472 | D:2      | Reached skill level 5 in Spellcasting
  1532 | D:2      | Noticed Natasha
  1539 | D:2      | Killed Natasha
  1768 | D:3      | Found a stormy altar of Qazlal.
  1829 | D:3      | Reached XP level 6. HP: 32/32 MP: 16/16
  1835 | D:3      | Learned a level 4 spell: Sticky Flame
  1841 | D:3      | Learned a level 5 spell: Fireball
  1981 | D:3      | Reached skill level 6 in Spellcasting
  2317 | D:4      | Reached skill level 5 in Fire Magic
  2484 | D:4      | Noticed Edmund
  2509 | D:4      | Killed Edmund
  2558 | D:4      | Noticed Ijyb
  2593 | D:4      | Paralysed by Ijyb for 6 turns
  2610 | D:4      | Paralysed by Ijyb for 5 turns
  2612 | D:4      | Mangled by an ogre

Levels and vault maps discovered:
D:1:      psy_arrival_basics, layout_basic, minivault_11
D:2:      layout_rooms, uniq_natasha
D:3:      layout_rooms, first_ration, grunt_qazlal_sundering
D:4:      layout_cave_pods, xom_teletrap_fun, uniq_ijyb, uniq_edmund,
          uniq_sigmund

Skill      XL: |  1  2  3  4  5  6 |
---------------+-------------------+-----
Fire Magic     | 4 5 |  5.3
Spellcasting   | 4 5 6 |  6.5
Stealth        | 3 |  3.2
Conjurations   | 2 3 |  3.5
Dodging        | 3 |  3.3
Fighting       | |  0.1

Action                   |  1- 3 |  4- 6 || total
-------------------------+-------+-------++-------
 Cast: Flame Tongue      |    58 |   114 ||   172
       Throw Flame       |       |     6 ||     6
       Conjure Flame     |       |     1 ||     1
  Use: Scroll            |       |     4 ||     4
  Eat: Chunk             |       |     5 ||     5
Armor: Robe              |     5 |    12 ||    17
Dodge: Dodged            |    20 |    21 ||    41

Table legend:
 A = Non-vault XP
 B = Vault XP
 C = Vault XP percentage of total XP
 D = Non-vault monster count
 E = Vault monster count
 F = Vault count percentage of total count
                 A         B        C        D         E       F
            +---------+---------+-------+---------+---------+-------
      Total |     471 |     199 |  29.7 |      79 |       2 |   2.5
            +---------+---------+-------+---------+---------+-------
        D:1 |      67 |       0 |   0.0 |      27 |       0 |   0.0
        D:2 |     201 |      35 |  14.8 |      10 |       1 |   9.1
        D:3 |     159 |       0 |   0.0 |      37 |       0 |   0.0
        D:4 |      44 |     164 |  78.8 |       5 |       1 |  16.7
            +---------+---------+-------+---------+---------+-------
